 Dungeon Sprint DCSS version 0.26-a0-683-g5206c1d7ac (webtiles) character file.

Game seed: 9451973174570715859

4300000 jfcaron the Conqueror (level 27, -3/266 HPs)
             Began as a Demonspawn Chaos Knight on Oct 22, 2020.
             Was the Champion of Makhleb.
             Slain by a sculptor of flesh
             ... wielding a +9 great sword
              (269 damage)
             ... in the Dungeon (Sprint VIII: "Arena of Blood").
             The game lasted 00:06:28 (43 turns).

jfcaron the Conqueror (Demonspawn Chaos Knight)       Turns: 43, Time: 00:06:32

Health: -3/266     AC: 11    Str: 19    XL:     27
Magic:  24/54      EV: 34    Int: 14    God:    Makhleb [******]
Gold:   0          SH:  0    Dex: 19    Spells: 80/80 levels left

rFire    + . .     SeeInvis .   i - +∞ Axe of Woe
rCold    . . .     Faith    .   (shield currently unavailable)
rNeg     . . .     Spirit   .   b - +2 leather armour
rPois    .         Reflect  .   (no helmet)
rElec    .         Harm     .   (no cloak)
rCorr    .         Rampage  .   (gloves unavailable)
MR       ++...     NoTele   +   (no boots)
Stlth    +++++++++.             (no amulet)
HPRegen  0.54/turn              (no ring)
MPRegen  0.34/turn              (no ring)

@: no status effects
A: claws 3, rugged brown scales 3, demonic guardian 3, fire resistance 1, hurl
damnation, spiny 3, flame cloud immunity
a: Hurl Damnation, Minor Destruction, Lesser Servant of Makhleb, Major
Destruction, Greater Servant of Makhleb, Renounce Religion


You were in the Dungeon.
You worshipped Makhleb.
Makhleb was exalted by your worship.
You visited 1 branch

Inventory:

Hand Weapons
 a - a +0 hand axe of chaos
 i - the +∞ Axe of Woe (weapon)
   (You found it in the Dungeon)
Armour
 b - a +2 leather armour (worn)
Scrolls
 h - a scroll of blinking
Potions
 c - a potion of curing
 d - a potion of heal wounds
 e - a potion of haste
 f - 2 potions of magic
 g - a potion of berserk rage


   Skills:
 O Level 27 Fighting
 O Level 27 Axes
 O Level 27 Throwing
 O Level 27 Armour
 O Level 27 Dodging
 O Level 27 Stealth
 O Level 27 Unarmed Combat
 O Level 27 Spellcasting
 O Level 27 Invocations


You had 80 spell levels left.
You didn't know any spells.
Your spell library was empty.

Dungeon Overview and Level Annotations

Branches:
Dungeon (1/1)

Altars:
Makhleb


Innate Abilities, Weirdness & Mutations

You have claws for hands.
You are completely covered in rugged brown scales. (AC +3, +7% HP)
A powerful demonic guardian rushes to your aid.
Your flesh is heat resistant. (rF+)
You can hurl damnation.
You are completely covered in sharp spines.
You are immune to clouds of flame.


Message History

You slash the bag of meat!
You slaughter the bag of meat joyfully.
You kill the bag of meat!
Makhleb accepts your kill.
The destroyer appears out of thin air!
A destroyer comes into view. It is wielding a +9 vorpal great sword.
You hear a shout! x3
The corpses begin to drag themselves along the ground!
The small abomination is engulfed in blazing flames.
The bag of meat is engulfed in blazing flames. x2
A bag of meat comes into view. It is wielding a +9 war axe.
You hear a shout! 3 crawling corpses come into view. 3 orcs and a skeletal warrior come into view.
You hear a shout! x5
The large abomination is engulfed in blazing flames.
You hear a shout!
A bag of meat comes into view. It is wielding a +9 war axe.
The sculptor of flesh hits you with a +9 great sword!!!!!
Ouch! That really hurt!
You die...

.....oo...)))..........
........).V)○.......V#.
.#....)).#)))..........
#....)..#..Xo.z.....##
##...).).###oooox.D....
....###)..X.oOoooz..###.
....._.......xxx☼o......
..#.....#....o§x#z#.....
..#_.<._#.....zX@o......
#O....#.....O#o#o#....
....._........x.ox ....o
....###.......ox#o# #.o
##.O ...###.... oo #.
#.. ..# ..... ..O #..
..#...... ..oo ..
.......z ....


You could see an eight-headed meat hydra, 2 destroyers, 5 sculptors of flesh, 3
large bags of meat, 3 large abominations, a small abomination, 21 bags of meat
and 5 crawling corpses.

Vanquished Creatures
  6 vampire knights (D)
  24 ogres (D)
  3 two-headed ogres (D)
  40 orcs (D)
  A skeletal warrior (D)
  3 small abominations (D)
  A large abomination (D)
  7 crawling corpses (D)
85 creatures vanquished.

Notes
Turn   | Place    | Note
-------+----------+-------------------------------------------
     0 | D        | Found the +∞ Axe of Woe
     0 | D        | jfcaron the Demonspawn Chaos Knight began the quest for the
                  | Orb.
     0 | D        | Reached XP level 1. HP: 18/18 MP: 1/1
     3 | D        | Fell from the grace of Xom
     3 | D        | Became a worshipper of Makhleb the Destroyer
     3 | D        | Noticed a meat berserker
     5 | D        | Noticed a bag of meat
     5 | D        | Noticed a bag of meat
     5 | D        | Noticed a bag of meat
     5 | D        | Noticed a meat berserker
     6 | D        | Noticed a meat berserker
     6 | D        | Noticed a meat berserker
     8 | D        | Killed a bag of meat
     8 | D        | Gained mutation: You have sharp fingernails. [demonic
                  | ancestry]
     8 | D        | Reached XP level 2. HP: 43/43 MP: 2/2
     8 | D        | Gained mutation: You are partially covered in rugged brown
                  | scales. (AC +1, +3% HP) [demonic ancestry]
     8 | D        | Reached XP level 3. HP: 43/50 MP: 3/3
     8 | D        | Gained mutation: A weak demonic guardian rushes to your
                  | aid. [demonic ancestry]
     8 | D        | Reached XP level 4. HP: 50/57 MP: 4/4
     8 | D        | Reached XP level 5. HP: 55/63 MP: 5/5
     8 | D        | Reached XP level 6. HP: 62/71 MP: 6/6
     8 | D        | Reached XP level 7. HP: 67/77 MP: 7/7
     8 | D        | Reached XP level 8. HP: 73/84 MP: 8/8
     8 | D        | Gained mutation: You have very sharp fingernails. [demonic
                  | ancestry]
     8 | D        | Reached XP level 9. HP: 79/90 MP: 9/9
     8 | D        | Reached XP level 10. HP: 85/97 MP: 10/10
     8 | D        | Gained mutation: A demonic guardian rushes to your aid.
                  | [demonic ancestry]
     8 | D        | Reached XP level 11. HP: 91/104 MP: 11/11
     8 | D        | Noticed a meat berserker
     9 | D        | Killed a meat berserker
     9 | D        | Reached * piety under Makhleb
     9 | D        | Gained mutation: You are mostly covered in rugged brown
                  | scales. (AC +2, +5% HP) [demonic ancestry]
     9 | D        | Reached XP level 12. HP: 70/122 MP: 12/12
     9 | D        | Reached XP level 13. HP: 74/129 MP: 13/13
     9 | D        | Killed a bag of meat
     9 | D        | Gained mutation: You are completely covered in rugged brown
                  | scales. (AC +3, +7% HP) [demonic ancestry]
     9 | D        | Reached XP level 14. HP: 76/142 MP: 14/14
     9 | D        | Killed a meat berserker
     9 | D        | Gained mutation: You have claws for hands. [demonic
                  | ancestry]
     9 | D        | Reached XP level 15. HP: 154/154 MP: 15/15
    10 | D        | Noticed a meat berserker
    10 | D        | Killed a meat berserker
    10 | D        | Reached ** piety under Makhleb
    10 | D        | Killed a meat berserker
    10 | D        | Reached XP level 16. HP: 171/171 MP: 16/16
    10 | D        | Noticed a meat berserker
    13 | D        | Noticed a large bag of meat
    14 | D        | Noticed a meat berserker
    14 | D        | Noticed a meat berserker
    14 | D        | Killed a meat berserker
    14 | D        | Gained mutation: You are partially covered in sharp spines.
                  | [demonic ancestry]
    14 | D        | Reached XP level 17. HP: 157/181 MP: 17/17
    14 | D        | Killed a meat berserker
    14 | D        | Reached *** piety under Makhleb
    14 | D        | Reached skill level 27 in Fighting
    14 | D        | Killed a meat berserker
    14 | D        | Reached skill level 27 in Axes
    14 | D        | Reached skill level 27 in Armour
    14 | D        | Reached skill level 27 in Dodging
    14 | D        | Gained mutation: Your flesh is heat resistant. (rF+)
                  | [demonic ancestry]
    14 | D        | Reached XP level 18. HP: 194/194 MP: 17/20
    15 | D        | Noticed a large bag of meat
    16 | D        | Noticed a meat berserker
    17 | D        | Noticed a meat berserker
    17 | D        | Noticed a meat berserker
    18 | D        | Noticed a destroyer
    19 | D        | Killed a meat berserker
    19 | D        | Reached **** piety under Makhleb
    19 | D        | Reached skill level 27 in Invocations
    19 | D        | Reached XP level 19. HP: 202/202 MP: 17/36
    19 | D        | Killed a meat berserker
    19 | D        | Reached ***** piety under Makhleb
    20 | D        | Noticed a large bag of meat
    21 | D        | Killed a meat berserker
    21 | D        | Reached skill level 27 in Spellcasting
    21 | D        | Reached XP level 20. HP: 210/210 MP: 18/51
    21 | D        | Reached skill level 10 in Throwing
    21 | D        | Reached skill level 10 in Unarmed Combat
    22 | D        | Killed a meat berserker
    22 | D        | Gained mutation: A powerful demonic guardian rushes to your
                  | aid. [demonic ancestry]
    22 | D        | Reached XP level 21. HP: 218/218 MP: 18/52
    23 | D        | Killed a destroyer
    23 | D        | Reached ****** piety under Makhleb
    24 | D        | Reached XP level 22. HP: 226/226 MP: 19/53
    25 | D        | Noticed a destroyer
    25 | D        | Killed a large bag of meat
    25 | D        | Reached skill level 27 in Stealth
    25 | D        | Reached skill level 27 in Throwing
    25 | D        | Reached skill level 27 in Unarmed Combat
    25 | D        | Gained mutation: You are mostly covered in sharp spines.
                  | [demonic ancestry]
    25 | D        | Reached XP level 23. HP: 234/234 MP: 19/54
    26 | D        | Noticed a destroyer
    27 | D        | Noticed a destroyer
    28 | D        | Noticed a destroyer
    28 | D        | Noticed a large bag of meat
    31 | D        | Killed a destroyer
    31 | D        | Gained mutation: You are immune to clouds of flame.
                  | [demonic ancestry]
    31 | D        | Reached XP level 24. HP: 242/242 MP: 21/54
    33 | D        | Killed a destroyer
    33 | D        | Reached XP level 25. HP: 250/250 MP: 21/54
    34 | D        | Noticed a destroyer
    34 | D        | Gained mutation: You can hurl damnation. [demonic ancestry]
    34 | D        | Reached XP level 26. HP: 258/258 MP: 21/54
    34 | D        | Killed a large bag of meat
    35 | D        | Killed a destroyer
    35 | D        | Killed a destroyer
    35 | D        | Gained mutation: You are completely covered in sharp
                  | spines. [demonic ancestry]
    35 | D        | Reached XP level 27. HP: 266/266 MP: 22/54
    36 | D        | Killed a destroyer
    36 | D        | Noticed a large bag of meat
    36 | D        | Noticed a destroyer
    38 | D        | Killed a large bag of meat
    41 | D        | Noticed a large bag of meat
    41 | D        | Noticed a destroyer
    43 | D        | Noticed a destroyer
    43 | D        | Slain by a sculptor of flesh

Illustrated notes

Levels and vault maps discovered:
D:        meatsprint

Skill      XL: |  1  2  3  4  5  6  7  8  9 10 11 12 13 14 15 16 17 18 19 20 21 22 |
---------------+-------------------------------------------------------------------+-----
Fighting       | 14 18 19 21 24 25 27 | 27.0
Axes           | 13 17 18 19 22 23 27 | 27.0
Armour         | 13 16 18 19 22 23 27 | 27.0
Dodging        | 13 16 17 19 22 23 27 | 27.0
Invocations    | 3 27 | 27.0
Spellcasting   | 7 27 | 27.0
Throwing       | 7 17 24 27 | 27.0
Stealth        | 7 19 25 27 | 27.0
Unarmed Combat | 7 17 24 27 | 27.0

Action                   |  1- 3 |  4- 6 |  7- 9 | 10-12 | 13-15 | 16-18 | 19-21 | 22-24 | 25-27 || total
-------------------------+-------+-------+-------+-------+-------+-------+-------+-------+-------++-------
Melee: Executioner's axe |     1 |       |       |     1 |     1 |     2 |     4 |     4 |     9 ||    22
Dodge: Dodged            |       |       |       |     1 |     1 |       |     3 |     2 |       ||     7

Table legend: (Time is in decaauts)
 A = Elapsed time spent in this place.
 B = Non-inter-level travel time spent in this place.
 C = Inter-level travel time spent in this place.
 D = Time resting spent in this place.
 E = Time spent auto-exploring this place.
 F = Levels seen in this place.
 G = Mean time per level.
                   A        B        C        D        E       F      G
               +--------+--------+--------+--------+--------+-----+--------+
         Total |     38 |     38 |      0 |      0 |      0 |   1 |   38.0 |
       Dungeon |     38 |     38 |      0 |      0 |      0 |   1 |   38.0 |
               +--------+--------+--------+--------+--------+-----+--------+

Top non-repeatable levels by time:
       D: 38 daAuts
